 Dungeon Sprint DCSS version 0.26-a0-665-gefeb406119 (webtiles) character file.

Game seed: 10006065064884380200

125 mhtbhm the Insei (level 5, -3/33 HPs)
             Began as an Octopode Transmuter on Oct 15, 2020.
             Slain by an iguana (14 damage)
             ... in the Dungeon (Sprint IX: "|||||||||||||||||||||||||||||").
             The game lasted 00:00:14 (98 turns).

mhtbhm the Insei (Octopode Transmuter)                Turns: 98, Time: 00:00:15

Health: -3/33      AC:  1    Str: 10    XL:     5   Next: 9%
Magic:  4/11       EV: 15    Int: 15    God:
Gold:   0          SH:  0    Dex: 13    Spells: 11/12 levels left

rFire    . . .     SeeInvis .     - Unarmed
rCold    . . .     Faith    .   (no shield)
rNeg     . . .     Spirit   .   (helmet currently unavailable)
rPois    .         Reflect  .   (no amulet)
rElec    .         Harm     .   (no ring)
rCorr    .         Rampage  .   (no ring)
MR       .....     NoTele   +   (no ring)
Stlth    ++........             (no ring)
HPRegen  0.11/turn              (no ring)
MPRegen  0.12/turn              (no ring)
                                (no ring)
                                (no ring)

@: appendages (expiring), berserk cooldown, slowed, very slow
A: almost no armour, stealthy swim, amphibious, 8 rings, constrict 8, tentacle
spike 3, camouflage 1, gelatinous body 1
a: End Transformation


You were in the Dungeon.
One of your tentacles had a temporary spike.
You visited 1 branch

Inventory:

Scrolls
 g - a scroll of blinking
Potions
 b - a potion of curing
 c - a potion of heal wounds
 d - a potion of haste
 e - 2 potions of magic


   Skills:
 + Level 1.0 Fighting
 + Level 4.0 Dodging
 + Level 7.5 Unarmed Combat
 + Level 4.4 Spellcasting
 + Level 3.9 Transmutations


You had 11 spell levels left.
You knew the following spells:

 Your Spells              Type           Power        Failure   Level
a - Beastly Appendage     Tmut           ###...       3%          1

Your spell library contained the following spells:

 Spells                   Type           Power        Failure   Level
 Wereblood                Tmut           ###.....     4%          2
 Spider Form              Tmut/Pois      #.........   22%         3
 Ice Form                 Ice/Tmut       #.......     58%         4
 Blade Hands              Tmut           ###.......   67%         5


Dungeon Overview and Level Annotations

Branches:
Dungeon (1/1)

Altars:


Innate Abilities, Weirdness & Mutations

You cannot wear most types of armour.
You are very stealthy in the water. (Stealth+)
You are amphibious.
You can wear up to eight rings at the same time.
You can use your tentacles to constrict eight enemies at once.
Your skin changes colour to match your surroundings (Stealth+).
Your rubbery body absorbs attacks. (AC +1, EV +1)
One of your tentacles bears a large vicious spike.


Message History

The iguana misses you.
There is an open door, spattered with blood here.
Items here: )) [ ††.
You tentacle-slap the iguana. You grab the iguana. You squeeze the iguana.
The iguana is heavily wounded.
You constrict the iguana, but do no damage.
The iguana closely misses you.
You tentacle-slap the iguana.
Your tentacle spike misses the iguana.
The iguana is almost dead.
You constrict the iguana. You bludgeon the iguana!
You kill the iguana!
Your Dodging skill increases to level 4!
You have reached level 5!
You feel agile.
You are no longer berserk.
You are exhausted.
You feel yourself slow down. The iguana bites you. The iguana bites you!
You die... ▓▓▓▓▓▓▓▓▓▓▓▓▓▓▓▓▓▓ ▓<...(())..)@l...+ ▓▓▓▓▓▓▓▓▓▓▓▓▓▓▓▓▓▓

You could see an iguana.

Vanquished Creatures
  A phantom (D)
  An iguana (D)
  2 orcs (D)
  A giant cockroach (D)
  A frilled lizard (D)
  3 kobolds (D)
9 creatures vanquished.

Notes
Turn   | Place    | Note
-------+----------+-------------------------------------------
     0 | D        | mhtbhm the Octopode Transmuter began the quest for the Orb.
     0 | D        | Reached XP level 1. HP: 13/13 MP: 3/3
    80 | D        | Noticed a phantom
    80 | D        | Noticed an iguana
    80 | D        | Noticed an iguana
    83 | D        | Reached skill level 4 in Unarmed Combat
    83 | D        | Reached XP level 2. HP: 18/18 MP: 3/5
    92 | D        | Killed a phantom
    92 | D        | Reached skill level 7 in Unarmed Combat
    92 | D        | Reached XP level 3. HP: 16/23 MP: 3/8
    92 | D        | Reached XP level 4. HP: 20/28 MP: 3/10
    97 | D        | Reached XP level 5. HP: 20/33 MP: 4/11
    98 | D        | Slain by an iguana

Illustrated notes

Levels and vault maps discovered:
D:        linesprint [early_d, line_temple, items_1, d_10, items_2, lair_1,
          lair_end, items_3, orc_1, orc_end, items_4, d_15, swamp_1, shoals_1,
          snake_1, spider_1, d_20, vaults_1, items_5, swamp_end, shoals_end,
          snake_end, spider_end, vaults_end, d_27, items_6, zot_1, zot_end,
          crypt_end, forest_end, elf_end, slime_end, tomb_end, abyss_end,
          pan_hell_end]

Skill      XL: |  1  2  3  4 |
---------------+-------------+-----
Unarmed Combat | 4 7 |  7.5
Dodging        | 3 4 |  4.0
Spellcasting   | 4 |  4.4
Transmutations | 3 |  3.9
Fighting       | |  1.0

Action                   |  1- 3 |  4- 6 || total
-------------------------+-------+-------++-------
Melee: Unarmed           |    17 |     4 ||    21
       Tentacles         |     4 |     1 ||     5
       Constrict         |     3 |     1 ||     4
       Kick              |     3 |       ||     3
 Cast: Beastly Appendage |     2 |       ||     2
  Use: Potion            |     1 |       ||     1
Armor: Skin              |     1 |       ||     1
Dodge: Dodged            |    11 |     2 ||    13

Table legend: (Time is in decaauts)
 A = Elapsed time spent in this place.
 B = Non-inter-level travel time spent in this place.
 C = Inter-level travel time spent in this place.
 D = Time resting spent in this place.
 E = Time spent auto-exploring this place.
 F = Levels seen in this place.
 G = Mean time per level.
                   A        B        C        D        E       F      G
               +--------+--------+--------+--------+--------+-----+--------+
         Total |     91 |     91 |      0 |     62 |      3 |   1 |   91.0 |
       Dungeon |     91 |     91 |      0 |     62 |      3 |   1 |   91.0 |
               +--------+--------+--------+--------+--------+-----+--------+

Top non-repeatable levels by time:
       D: 91 daAuts
